 Dungeon Crawl Stone Soup version 0.26-a0-682-g294304f6e8 (console) character file.

Game seed: 11000655235693362021

15331 om the Basher (level 12, -16/73 HPs)
             Began as a Gargoyle Monk on Oct 21, 2020.
             Was a High Priest of Okawaru.
             Killed from afar by Azrael (32 damage)
             ... with damnation
             ... on level 12 of the Dungeon.
             The game lasted 00:21:50 (13909 turns).

om the Basher (Gargoyle Monk)                      Turns: 13909, Time: 00:21:51

Health: -16/73     AC: 27    Str: 20    XL:     12   Next: 25%
Magic:  15/15      EV: 12    Int:  6    God:    Okawaru [*****.]
Gold:   937        SH:  0    Dex: 10    Spells: 10/11 levels left

rFire    + + .     SeeInvis +   a - +2 flail (venom)
rCold    + + .     Faith    .   (no shield)
rNeg     + . .     Spirit   .   A - +0 ice dragon scales
rPois    ∞         Reflect  .   o - +2 hat
rElec    +         Harm     .   j - +1 cloak {Stlth+}
rCorr    .         Rampage  .   y - +0 pair of gloves
MR       .....                  (no boots)
Stlth    ..........             (no amulet)
HPRegen  0.22/turn              i - ring of see invisible
MPRegen  0.14/turn              I - ring "Ipaytustijan" {+Inv rF+++ Int-5 Dex-2 Stlth-}

@: mighty
A: negative energy resistance 1, electricity resistance, unbreathing,
petrification resistance, rot immunity, AC +8
a: Heroism, Finesse, Renounce Religion, Evoke Invisibility


You were on level 12 of the Dungeon.
You worshipped Okawaru.
Okawaru was extremely pleased with you.
You visited 2 branches of the dungeon, and saw 13 of its levels.

You collected 937 gold pieces.

Inventory:

Hand Weapons
 a - a +2 flail of venom (weapon)
 b - the +8 shortbow "Unkecsarch" {freeze, Dex+4}
   (Okawaru gifted it to you on level 9 of the Dungeon)

   It causes projectiles fired from it to freeze those they strike, causing
   extra injury to most foes and up to half again as much damage against
   particularly susceptible opponents.
   They can also slow down cold-blooded creatures.
   It affects your dexterity (+4).
 c - a +1 mace
 z - a cursed +6 dire flail of freezing
Missiles
 m - 4 silver boomerangs (quivered)
 O - 105 arrows
Armour
 j - a +1 cloak of stealth (worn)
 o - a +2 hat (worn)
 y - a +0 pair of gloves (worn)
 A - +0 ice dragon scales (worn)
Jewellery
 i - a ring of see invisible (left hand)
 x - an uncursed ring of resist corrosion
 I - the ring "Ipaytustijan" (right hand) {+Inv rF+++ Int-5 Dex-2 Stlth-}
   (You found it on level 9 of the Dungeon)

   [ring of attention]

   It affects your intelligence (-5).
   It affects your dexterity (-2).
   It renders you almost immune to fire.
   It lets you turn invisible.
   It makes you less stealthy.
 K - an uncursed ring of positive energy
Wands
 u - a wand of polymorph (9)
 B - a wand of flame (14)
 C - a wand of random effects (27)
 J - a wand of paralysis (10)
 Q - a wand of iceblast (11)
Scrolls
 d - 2 scrolls of enchant weapon
 f - 3 scrolls of noise {unknown}
 l - 3 scrolls of fog
 p - 4 scrolls of teleportation
 q - 3 scrolls of remove curse
 r - 4 scrolls of magic mapping
 s - a scroll of holy word {unknown}
 D - 2 scrolls of amnesia
 E - a scroll of silence
 G - a scroll of random uselessness {unknown}
 H - a scroll of immolation {unknown}
 L - a scroll of vulnerability {unknown}
 M - a scroll of blinking
 N - 2 scrolls of fear
 P - a scroll of enchant armour
 R - 4 scrolls of identify
Potions
 e - 3 potions of lignification
 g - 4 potions of curing
 h - 2 potions of stabbing
 k - 4 potions of brilliance
 n - 3 potions of flight
 t - a potion of might
 w - 2 potions of degeneration
 F - a potion of invisibility


   Skills:
 - Level 8.0 Fighting
 - Level 12.0 Maces & Flails
 * Level 5.3 Bows
 * Level 10.1 Armour
 + Level 6.0 Dodging
 - Level 4.0 Stealth
   Level 1.2 Shields
 - Level 5.0 Invocations
 + Level 3.1 Evocations


You had 10 spell levels left.
You knew the following spells:

 Your Spells              Type           Power        Failure   Level
a - Sandblast             Erth           #.....       80%         1

Your spell library contained the following spells:

 Spells                   Type           Power        Failure   Level
 Passwall                 Tmut/Erth      #.......     91%         2
 Ozocubu's Armour         Ice            #.......     99%         3
 Stone Arrow              Conj/Erth      #.....       99%         3
 Teleport Other           Tloc           #.......     99%         3
 Iskenderun's Mystic Bla  Conj/Tloc      #.......     100%        4
 Petrify                  Tmut/Erth      #.......     100%        4
 Summon Ice Beast         Ice/Summ       #.......     100%        4
 Lee's Rapid Deconstruct  Erth           #.........   100%        5
 Dispersal                Tloc           #.........   100%        6


Dungeon Overview and Level Annotations

Branches:
Dungeon (12/15)            Temple (1/1) D:6            Lair (0/6) D:9
    Orc (0/2) D:10

Altars:
Ashenzari
Cheibriados
Dithmenos
Elyvilon
Fedhas
Gozag
Hepliaklqana
Kikubaaqudgha
Makhleb
Nemelex Xobeh
Okawaru
Qazlal
Ru
Sif Muna
Trog
Uskayaw
Vehumet
Wu Jian
Xom
Yredelemnul
Zin
The Shining One

Annotations:
D:12 Azrael


Innate Abilities, Weirdness & Mutations

You are resistant to torment.
Your stone body is resilient. (AC +8)
You are immune to poison.
You resist negative energy. (rN+)
You are resistant to electric shocks. (rElec)
You can survive without breathing.
You are immune to petrification.
You are immune to rotting.


Message History

You bludgeon Azrael!!
Azrael looks as sick as possible!
Azrael is moderately wounded.
Azrael hits you but does no damage.
You sock Azrael!
Azrael is heavily wounded.
Azrael gestures at you.
The sphere of damnation explodes!
The damnation engulfs you!!!
Ouch! That really hurt!
* * * LOW HITPOINT WARNING * * *
The damnation engulfs Azrael.
Azrael completely resists.
You sock Azrael!
Azrael is severely wounded.
Azrael gestures at you. The sticky flame misses you.
You feel much better.
Azrael hits you with a +2 scimitar of flaming!
* * * LOW HITPOINT WARNING * * *
Azrael gestures at you.
The sphere of damnation explodes!
The damnation engulfs you!!
You die...

#○.[..<..# ..
#○(......# ... .##.
###.R......# ..# #.#..
#..........# ..# ......
###........# ... ......
#°.......# #.##......
#.°......# #..#....# #
#######.°###### #....#
#.#. #...###○.# .....#.
#.#.##..>##...#
....###.#...^...@RE.#.#
...## ....##...##..#.#
....#####...##..>.....#
.[..........##.......##
(#.#....#.#....|....##
)#....#....##......##
((......#..........####
####.#................#
# #...##..##......##..
......................#
######....##....#######


You could see Azrael (fast, extremely poisoned) and a fire elemental.

Vanquished Creatures
  2 boulder beetles (D:11)
  Fannar (D:12)
  3 two-headed ogres
  An ugly thing (D:11)
  A manticore (D:11)
  A cyclops (D:11)
  A troll (D:10)
  A hornet (D:11)
  A wyvern (D:11)
  Sigmund (D:2)
  11 yaks
  Eustachio (D:5)
  2 fire elementals (D:12)
  Edmund (D:5)
  A warg (D:10)
  A hell hound (D:12)
  A soldier ant (D:11)
  5 water moccasins (D:9)
  3 orc warriors
  6 ice beasts
  A hornet zombie (D:12)
  A swamp drake (D:9)
  2 sky beasts
  12 ogres
  4 black bears
  A necrophage (D:11)
  A phantom (D:11)
  9 centaurs
  3 big kobolds
  8 bullfrogs
  3 scorpions
  9 wights
  A howler monkey (D:6)
  A centaur zombie (D:9)
  3 jellies
  A bullfrog zombie (D:9)
  6 hounds
  A quasit (D:9)
  3 centaur skeletons
  7 orc priests
  8 orc wizards
  Ijyb (D:3)
  4 iguanas
  8 worker ants
  2 hound zombies (D:8)
  4 gnolls (D:9)
  A river rat (D:3)
  13 adders
  A shadow imp (D:7)
  6 white imps
  An ufetubus (D:8)
  An adder zombie (D:8)
  4 worms
  A dart slug (D:1)
  13 leopard geckos
  47 orcs
  4 ball pythons
  6 giant cockroaches
  13 goblins
  11 hobgoblins
  6 quokkas
  5 bats
  11 frilled lizards
  14 kobolds
  A leopard gecko skeleton (D:6)
  A leopard gecko zombie (D:6)
  6 rats
315 creatures vanquished.

Vanquished Creatures (others)
  43 fungi (D:9)
  55 plants
98 creatures vanquished.

Grand Total: 413 creatures vanquished

Notes
Turn   | Place    | Note
-------+----------+-------------------------------------------
     0 | D:1      | om the Gargoyle Monk began the quest for the Orb.
     0 | D:1      | Reached XP level 1. HP: 14/14 MP: 1/1
   129 | D:1      | Reached XP level 2. HP: 19/19 MP: 2/2
   877 | D:2      | Reached XP level 3. HP: 23/23 MP: 3/3
  1090 | D:2      | Reached skill level 1 in Armour
  1251 | D:2      | Noticed Sigmund
  1365 | D:3      | Reached XP level 4. HP: 28/28 MP: 4/4
  1377 | D:3      | Noticed Ijyb
  1387 | D:3      | Paralysed by Ijyb for 7 turns
  1400 | D:3      | Killed Ijyb
  1755 | D:3      | Reached XP level 5. HP: 19/33 MP: 5/5
  2131 | D:3      | Reached skill level 4 in Maces & Flails
  2781 | D:4      | Noticed a centaur
  3024 | D:2      | Killed Sigmund
  3024 | D:2      | Reached XP level 6. HP: 27/38 MP: 6/6
  3369 | D:4      | Reached XP level 7. HP: 33/44 MP: 7/7
  3691 | D:3      | Reached skill level 5 in Maces & Flails
  4551 | D:4      | Found a faded altar of an unknown god.
  4551 | D:4      | Found a shadowy altar of Dithmenos.
  4557 | D:4      | Found a burning altar of Makhleb.
  4559 | D:4      | Found a blossoming altar of Fedhas.
  4561 | D:4      | Found a faded altar of an unknown god.
  4625 | D:5      | Entered Level 5 of the Dungeon
  4699 | D:5      | Noticed Edmund
  4708 | D:5      | Reached skill level 5 in Fighting
  4719 | D:5      | Killed Edmund
  4719 | D:5      | Reached XP level 8. HP: 48/49 MP: 8/8
  4853 | D:5      | Noticed Eustachio
  4881 | D:5      | Killed Eustachio
  4881 | D:5      | Reached skill level 5 in Dodging
  5070 | D:5      | Reached skill level 6 in Maces & Flails
  5508 | D:6      | Found a staircase to the Ecumenical Temple.
  5521 | Temple   | Entered the Ecumenical Temple
  5977 | Temple   | Became a worshipper of Warmaster Okawaru
  5977 | Temple   | Reached * piety under Okawaru
  5977 | Temple   | Reached ** piety under Okawaru
  6051 | D:6      | Reached skill level 7 in Maces & Flails
  6270 | D:6      | Reached XP level 9. HP: 51/55 MP: 9/9
  6322 | D:6      | Reached skill level 5 in Armour
  6681 | D:6      | Reached skill level 8 in Maces & Flails
  7029 | D:6      | Reached *** piety under Okawaru
  7949 | D:7      | Reached skill level 9 in Maces & Flails
  8640 | D:8      | Reached skill level 1 in Invocations
  8809 | D:8      | Found a hide-covered altar of Uskayaw.
  8892 | D:8      | Reached XP level 10. HP: 55/64 MP: 11/11
  8908 | D:8      | Reached **** piety under Okawaru
  9183 | D:8      | Found a white marble altar of Elyvilon.
  9223 | D:8      | Reached skill level 10 in Maces & Flails
  9320 | D:8      | Noticed a two-headed ogre
  9338 | D:8      | Killed a two-headed ogre
  9338 | D:8      | Received a gift from Okawaru
  9916 | D:9      | Got a fine wooden ring
  9927 | D:9      | Identified the ring "Ipaytustijan" {+Inv rF+++ Int-5 Dex-2
                  | Stlth-} (You found it on level 9 of the Dungeon)
  9948 | D:9      | Noticed a two-headed ogre
  9985 | D:9      | Killed a two-headed ogre
  9985 | D:9      | Reached ***** piety under Okawaru
  9985 | D:9      | Reached skill level 5 in Invocations
 10271 | D:9      | Found a staircase to the Lair.
 10274 | D:9      | Noticed Maurice
 10275 | D:9      | Noticed Maurice
 10275 | D:9      | Maurice changed into Maurice the swamp drake
 10287 | D:9      | Killed Maurice the swamp drake
 10287 | D:9      | Reached skill level 11 in Maces & Flails
 10287 | D:9      | Reached XP level 11. HP: 54/68 MP: 14/14
 10842 | D:9      | Received a gift from Okawaru
 10842 | D:9      | Reached skill level 1 in Shields
 10854 | D:9      | Got a jewelled shortbow {god gift}
 10860 | D:9      | Identified the +8 shortbow "Unkecsarch" {freeze, Dex+4}
                  | (Okawaru gifted it to you on level 9 of the Dungeon)
 11175 | D:10     | Entered Level 10 of the Dungeon
 11299 | D:10     | Found a staircase to the Orcish Mines.
 11414 | D:10     | Reached skill level 1 in Bows
 11849 | D:10     | Learned a level 1 spell: Sandblast
 11866 | D:11     | Noticed a two-headed ogre
 11893 | D:11     | Killed a two-headed ogre
 11893 | D:11     | Reached skill level 1 in Evocations
 12009 | D:11     | Noticed a boulder beetle
 12029 | D:11     | Killed a boulder beetle
 12292 | D:11     | Received a gift from Okawaru
 12334 | D:11     | Noticed a green ugly thing
 12340 | D:11     | Noticed a cyclops
 12368 | D:11     | Killed a green ugly thing
 12382 | D:11     | Killed a cyclops
 12664 | D:11     | Identified the Handbook of the Voyage and the Snowflakes
 12686 | D:11     | Noticed a manticore
 12826 | D:11     | Killed a manticore
 13171 | D:11     | Noticed a boulder beetle
 13199 | D:11     | Reached XP level 12. HP: 70/73 MP: 15/15
 13223 | D:11     | Killed a boulder beetle
 13223 | D:11     | Reached skill level 12 in Maces & Flails
 13711 | D:12     | Noticed Fannar
 13744 | D:12     | Killed Fannar
 13744 | D:12     | Reached skill level 5 in Bows
 13744 | D:12     | Reached skill level 10 in Armour
 13880 | D:12     | Noticed Azrael
 13909 | D:12     | Killed from afar by Azrael

Illustrated notes

Levels and vault maps discovered:
D:1:      psy_arrival_dodecagon, layout_basic, serial_bayou_lake_a
D:2:      layout_basic, hangedman_decor_growths, uniq_sigmund
D:3:      minmay_recursive_quarters, layout_basic, gup_sewer_entry_spiral,
          uniq_ijyb
D:4:      layout_loops_cross, chequers_temple_overflow_minitemple, minivault_4,
          hangedman_abyss_or_decor_jellyfish_corner,
          minmay_misc_feat_secret_circle
D:5:      layout_rooms, minmay_between, uniq_edmund, uniq_eustachio
D:6:      layout_loops_cross, minmay_temple_entry_tees, minmay_lizard_king
D:7:      layout_loops_ring, corexii_checkpoint_b
D:8:      layout_loops_ring, kennysheep_little_box, basic_altar
D:9:      layout_long_grid, due_lair_maze_entry_diamond, uniq_maurice
D:10:     layout_rooms, erik_orc_3
D:11:     layout_roguey
D:12:     layout_rooms, gammafunk_ghost_necromancy, kennysheep_generic_room_14,
          uniq_fannar, uniq_azrael
Temple:   hc_temple_tempest_star

Skill      XL: |  1  2  3  4  5  6  7  8  9 10 11 12 |
---------------+-------------------------------------+-----
Armour         | 1 2 3 4 5 7 9 10 | 10.1
Dodging        | 3 4 5 6 |  6.0
Maces & Flails | 4 5 7 9 11 12 | 12.0
Fighting       | 4 5 6 7 8 |  8.0
Stealth        | 3 4 |  4.0
Invocations    | 2 5 |  5.0
Shields        | 1 |  1.2
Bows           | 4 5 |  5.3
Evocations     | 2 3 |  3.1

Action                   |  1- 3 |  4- 6 |  7- 9 | 10-12 || total
-------------------------+-------+-------+-------+-------++-------
Melee: Mace              |   131 |   175 |       |       ||   306
       Flail             |       |    15 |   403 |   612 ||  1030
 Fire: Shortbow          |       |       |       |    34 ||    34
Throw: Boomerang         |       |       |       |     2 ||     2
Invok: Heroism           |       |       |     1 |       ||     1
Evoke: Wand              |       |       |       |     8 ||     8
  Use: Scroll            |       |     7 |     3 |    10 ||    20
       Potion            |       |       |       |     3 ||     3
 Stab: Sleeping          |     3 |       |       |       ||     3
Armor: Robe              |    13 |       |       |       ||    13
       Chain mail        |    86 |   200 |   274 |       ||   560
       Ice dragon scales |       |       |    57 |   413 ||   470
Dodge: Dodged            |    83 |    82 |   285 |   339 ||   789
Block: Buckler           |       |       |       |    12 ||    12

Table legend: (Time is in decaauts)
 A = Elapsed time spent in this place.
 B = Non-inter-level travel time spent in this place.
 C = Inter-level travel time spent in this place.
 D = Time resting spent in this place.
 E = Time spent auto-exploring this place.
 F = Levels seen in this place.
 G = Mean time per level.
                   A        B        C        D        E       F      G
               +--------+--------+--------+--------+--------+-----+--------+
         Total |  13982 |  13203 |    779 |   1992 |   8357 |  13 | 1075.5 |
       Dungeon |  13495 |  12745 |    750 |   1992 |   7922 |  12 | 1124.6 |
        Temple |    487 |    458 |     29 |      0 |    434 |   1 |  487.0 |
               +--------+--------+--------+--------+--------+-----+--------+

Top non-repeatable levels by time:
     D:6: 1962 daAuts
     D:3: 1822 daAuts
    D:11: 1534 daAuts
     D:8: 1396 daAuts
     D:2: 1230 daAuts
     D:9: 1069 daAuts
     D:1: 950 daAuts
     D:7: 850 daAuts
     D:4: 826 daAuts
     D:5: 724 daAuts
    D:10: 686 daAuts
  Temple: 487 daAuts
    D:12: 443 daAuts
